 Dungeon Crawl Stone Soup version 0.30-a0-591-g3c58d2bc28 (webtiles) character file.

Game seed: 9950795216361013367

183997 sokol815 the Gelid (level 18, -2/120 HPs)
             Began as an Octopode Fighter on Jan 6, 2023.
             Was an Initiate of Gozag.
             Slain by a vault warden
             ... wielding a +0 broad axe
              (39 damage)
             ... on level 1 of the Vaults.
             The game lasted 01:41:07 (31426 turns).

sokol815 the Gelid (Octopode Fighter)              Turns: 31426, Time: 01:41:07

Health: -2/120     AC:  9    Str: 15    XL:     18   Next: 0%
Magic:  0/27       EV: 29    Int: 24    God:    Gozag
Gold:   312        SH: 12    Dex: 25    Spells: 5/29 levels left

rFire   + . .      SeeInvis +    a - +7 Throatcutter {drain, coup de grace}
rCold   + . .      Faith    .    Z - +3 buckler of Xunueg {rF+ Will+ Str-4 Dex+6}
rNeg    + . .      Spirit   +    (helmet restricted)
rPois   +          Reflect  .    O - amulet of guardian spirit
rElec   .          Harm     .    A - +4 ring of protection
rCorr   .          Rampage  .    t - ring of the Hurtling Gods {Ice Dex+6 SInv}
Will    +++..                    T - +5 ring of evasion
Stlth   +++++++                  u - ring of positive energy {rN+}
HPRegen 0.40/turn                S - +4 ring of protection
MPRegen 0.20/turn                n - +6 ring of intelligence
                                 W - ring of willpower
                                 f - ring of the Wicked Cherry {rPois rF+ Str+3 Dex+2}

@: gold aura
A: almost no armour, amphibious, 8 rings, camouflage 1, gelatinous body 1,
(nimble swimmer 1), tentacles
}: 1/15 runes: decaying
a: Renounce Religion, Potion Petition, Call Merchant, Bribe Branch


You were on level 1 of the Vaults.
You worshipped Gozag.
Gozag was aware of your devotion.
You visited 6 branches of the dungeon, and saw 28 of its levels.
You also visited: Bailey.

You collected 10528 gold pieces.
You spent 1983 gold pieces at shops.
You paid 8233 gold pieces to Gozag.

Inventory:

Hand Weapons
 a - the +7 Throatcutter (weapon) {drain, coup de grace}
   (You found it on level 3 of the Dungeon)

   It may instantly kill foes which have little health.
 b - a +4 scimitar of flaming
   (You took it off Erica on level 10 of the Dungeon)
 c - the +7 dagger "Arbiter" {holy, Dex+3}
   (You found it on level 11 of the Dungeon)

   Dex:       It affects your dexterity (+3).
Missiles
 h - 2 throwing nets {!d}
 r - 11 javelins
 D - 6 poisoned darts
 Q - 6 silver javelins
Armour
 v - a +5 kite shield
   (You took it off a gnoll sergeant on level 8 of the Dungeon)
 Z - the +3 buckler of Xunueg (worn) {rF+ Will+ Str-4 Dex+6}
   (You acquired it on level 5 of the Lair of Beasts)

   Str:       It affects your strength (-4).
   Dex:       It affects your dexterity (+6).
   rF:        It protects you from fire.
   Will:      It increases your willpower.
Jewellery
 f - the ring of the Wicked Cherry (on tentacle) {rPois rF+ Str+3 Dex+2}
   (You found it on level 15 of the Dungeon)

   [ring of protection from fire]

   Str:       It affects your strength (+3).
   Dex:       It affects your dexterity (+2).
   rF:        It protects you from fire.
   rPois:     It protects you from poison.
 k - a ring of ice {rC+, rF-}
   (You took it off Fannar on level 1 of the Lair of Beasts)
 n - a +6 ring of intelligence (on tentacle)
   (You found it on level 2 of the Swamp)
 t - the ring of the Hurtling Gods (right tentacle) {Ice Dex+6 SInv}
   (You acquired it on level 1 of the Dungeon)

   [ring of ice]

   It enhances your ice magic.
   Dex:       It affects your dexterity (+6).
   rF:        It makes you vulnerable to fire.
   rC:        It protects you from cold.
   SInv:      It lets you see invisible.
 u - a ring of positive energy (on tentacle) {rN+}
   (You found it on level 4 of the Lair of Beasts)
 z - a ring of flight {+Fly, !d}
   (You took it off a gnoll on level 8 of the Dungeon)
 A - a +4 ring of protection (left tentacle)
   (You found it on level 1 of the Dungeon)
 F - a ring of protection from fire {rF+, !d}
   (You found it on level 12 of the Dungeon)
 O - an amulet of guardian spirit (around mantle)
   (You found it in a bailey)
 S - a +4 ring of protection (on tentacle)
   (You found it on level 10 of the Dungeon)
 T - a +5 ring of evasion (on tentacle)
   (You acquired it on level 1 of the Dungeon)
 W - a ring of willpower (on tentacle)
   (You found it on level 14 of the Dungeon)
Wands
 d - a wand of digging (3)
   (You found it on level 4 of the Lair of Beasts)
 e - a wand of charming (26)
   (You found it on level 6 of the Dungeon)
 i - a wand of iceblast (20)
   (You found it on level 9 of the Dungeon)
 j - a wand of polymorph (15)
   (You found it on level 9 of the Dungeon)
 q - a wand of flame (73)
   (You found it on level 6 of the Dungeon)
 x - a wand of light (30)
   (You found it on level 8 of the Dungeon)
 y - a wand of mindburst (41)
   (You found it on level 5 of the Dungeon)
Scrolls
 p - 7 scrolls of amnesia
 s - 2 scrolls of poison {!r}
 C - 7 scrolls of fog
 E - 3 scrolls of fear
 K - 5 scrolls of immolation {!r}
 V - a scroll of vulnerability {!r!r}
 X - 2 scrolls of magic mapping {@r4!r}
 Y - 6 scrolls of teleportation {@r3}
Potions
 g - 4 potions of attraction {!q}
 o - 3 potions of magic
 B - 6 potions of brilliance
 G - a potion of ambrosia {!q}
 H - 5 potions of haste
 I - 4 potions of invisibility
 J - 15 potions of curing {@q1}
 L - 9 potions of flight
 M - 3 potions of might
 N - 8 potions of heal wounds {@q2}
 P - 11 potions of lignification {!q}
 R - 5 potions of resistance
 U - 4 potions of mutation {!q}
Miscellaneous
 l - a condenser vane
   (You found it on level 1 of the Swamp)
 m - a phantom mirror
   (You found it on level 4 of the Swamp)
 w - a phial of floods
   (You found it on level 5 of the Lair of Beasts)


   Skills:
 - Level 10.0 Fighting
 - Level 4.1(10.0) Short Blades
 - Level 14.0(14.2) Long Blades
 - Level 4.2 Axes
 - Level 12.0 Dodging
 - Level 13.5 Stealth
 - Level 13.5 Shields
 - Level 6.0 Spellcasting
 + Level 1.9 Conjurations
 - Level 12.0 Hexes
 - Level 18.1 Ice Magic
 + Level 1.9 Air Magic
 - Level 2.0 Evocations


You had 5 spell levels left.
You knew the following spells:

 Your Spells              Type           Power      Damage    Failure   Level
a - Ensorcelled Hibernat  Hex/Ice        100%       N/A       1%          2
b - Metabolic Englaciati  Hex/Ice        44%        N/A       1%          5
c - Frozen Ramparts       Ice            100%       1d16      0%          3
d - Polar Vortex          Ice            48%        N/A       99%         9
e - Freezing Cloud        Conj/Ice/Air   29%        6-21      13%         5

Your spell library contained the following spells:

 Spells                   Type           Power      Damage    Failure   Level
 Freeze                   Ice            100%       1d10      0%          1
 Ozocubu's Armour         Ice            96%        N/A       0%          3
 Dazzling Flash           Conj/Hex       80%        N/A       1%          3
 Hailstorm                Conj/Ice       70%        3d15      1%          3
 Inner Flame              Hex/Fire       36%        N/A       2%          3
 Ice Form                 Ice/Tmut       66%        N/A       2%          4
 Magic Dart               Conj           64%        1d6       4%          1
 Fulminant Prism          Conj/Hex       20%        3d12      5%          4
 Foxfire                  Conj/Fire      44%        2x1d6     6%          1
 Searing Ray              Conj           32%        2d5       6%          2
 Apportation              Tloc           14%        N/A       9%          1
 Necrotise                Necr           28%        1d5       9%          1
 Sting                    Tmut/Pois      28%        1d4       9%          1
 Summon Small Mammal      Summ           28%        N/A       9%          1
 Poisonous Vapours        Pois/Air       22%        N/A       10%         2
 Swiftness                Air            16%        N/A       13%         3
 Call Imp                 Summ           7%         N/A       14%         2
 Passwall                 Tmut/Erth      5%         N/A       14%         2
 Scorch                   Fire           14%        2d5       14%         2
 Sublimation of Blood     Necr           7%         N/A       14%         2
 Silence                  Hex/Air        20%        N/A       14%         5
 Mephitic Cloud           Conj/Pois/Air  13%        N/A       16%         3
 Kindle Blastsparks       Fire/Tloc/Air  20%        2d11      22%         3
 Ignite Poison            Fire/Tmut/Pois 7%         N/A       26%         3
 Flame Wave               Conj/Fire      11%        2d6       52%         4
 Olgreb's Toxic Radiance  Pois           7%         N/A       65%         4
 Petrify                  Tmut/Erth      7%         N/A       65%         4
 Irradiate                Conj/Tmut      5%         3d13      86%         5
 Agony                    Necr           7%         N/A       94%         5
 Summon Cactus Giant      Summ           3%         N/A       100%        6
 Simulacrum               Ice/Necr       Unusable   N/A       N/A         6

Dungeon Overview and Level Annotations

Branches:
Dungeon (15/15) Zot: 25470  Temple (1/1) D:5 Zot: 5985    Lair (5/5) D:9 Zot: 22161
  Swamp (4/4) Lair:2 Zot: 19549   Snake (0/4) Lair:2        Slime (0/5) Lair:4
    Orc (2/2) D:9 Zot: 9495     Elf (0/3) Orc:2        Vaults (1/5) D:14 Zot: 5010
 Depths (0/4) D:15         Bailey (visited)

Altars:
Cheibriados
Dithmenos
Elyvilon
Fedhas
Gozag
Kikubaaqudgha
Makhleb
Nemelex Xobeh
Okawaru
Qazlal
Ru
Sif Muna
Trog
Uskayaw
Wu Jian
Xom
Yredelemnul
Zin
The Shining One
Jiyva

Shops:
D:9 ::[!:   D:14 [:   Orc:2 *[!(

Annotations:
D:5 exclusion: downstairs
Lair:2 exclusion: oklob plant
Swamp:3 2 runed translucent doors, Imoj Fiu's ghost, journeyman MeEE


Innate Abilities, Weirdness & Mutations

You cannot wear most types of armour.
You are amphibious.
You can wear up to eight rings at the same time.
Your skin changes colour to match your surroundings (Stealth+).
Your rubbery body absorbs attacks. (AC +1, EV +1)
((You are camouflaged when in or above water. (Stealth+)))
You have tentacles for arms and can constrict up to eight enemies at once.


Message History

The yaktaur is distracted by your dazzling golden aura.
You strike the helpless yaktaur from behind!
You slash the yaktaur! You drain the yaktaur.
You behead the yaktaur!
You kill the yaktaur!
You constrict the vault warden, but do no damage.
The vault sentinel gestures at you while chanting.
You resist with some effort.
The vault sentinel gestures at you while chanting.
You resist with some effort. The lindwurm barely misses you.
The lindwurm completely misses you.
The lindwurm claws you but does no damage.
The vault warden shouts!
You slash the vault warden! You drain the vault warden.
You behead the vault warden!
You kill the vault warden!
The runic seals fade away.
You hear a shout!
The yaktaur is no longer distracted by gold.
The yaktaur shoots a bolt.
The bolt hits you!!
You take 19 damage, and have 44/115 hp.
You now have 5/26 mp.
The yaktaur is distracted by your dazzling golden aura.
The lindwurm completely misses you.
The lindwurm claws you but does no damage.
You block the lindwurm's attack.
The vault sentinel is distracted by your dazzling golden aura.
Items here: $ ))))) [[[.
You hit the yaktaur. You drain the yaktaur.
The yaktaur unwields a +0 arbalest.
You block the yaktaur's attack.
The yaktaur wields a +0 arbalest.
The yaktaur shoots a bolt.
The bolt completely misses you.
You slash the yaktaur! You drain the yaktaur. You squeeze the yaktaur!
The vault sentinel blows a loud note on a signal horn!
The vault warden activates a sealing rune.
The lindwurm completely misses you. You block the lindwurm's attack. x2
You slash the yaktaur! You drain the yaktaur.
You kill the yaktaur!
The yaktaur is distracted by your dazzling golden aura.
You feel a surge of power!
The yaktaur shouts!
The vault warden is engulfed in freezing vapours.
The yaktaur is engulfed in freezing vapours.
The lindwurm misses you. The lindwurm completely misses you.
The lindwurm claws you.
You take 1 damage, and have 44/115 hp.
You now have 1/26 mp.
You slash the lindwurm!
The vault sentinel is no longer moving slowly.
The vault warden is engulfed in freezing vapours.
The yaktaur is engulfed in freezing vapours.
You hit the lindwurm but do no damage.
You squeeze the lindwurm, but do no damage.
The vault sentinel is no longer distracted by gold.
The yaktaur is no longer distracted by gold. x2
The vault warden is engulfed in freezing vapours.
The vault sentinel blows a loud note on a signal horn!
The lindwurm closely misses you. You block the lindwurm's attack. x2
The yaktaur is engulfed in freezing vapours.
The yaktaur shoots a bolt.
The bolt hits you!!
* * * LOW HITPOINT WARNING * * *
You take 27 damage, and have 17/115 hp.
MASSIVE DAMAGE!!
You now have 0/26 mp.
You feel much better.
The vault sentinel points at you and mumbles some strange words.
You resist with some effort.
The yaktaur is engulfed in freezing vapours.
You kill the yaktaur!
You regained 25 hp, and now have 42/115 hp.
You slash the vault sentinel! You drain the vault sentinel.
Your grab misses the vault sentinel. The lindwurm breathes flames at you.
The blast of flame misses you.
You closely miss the vault sentinel. You grab the vault sentinel.
You constrict the vault sentinel.
The vault warden hits you with a +0 broad axe!!
* * * LOW HITPOINT WARNING * * *
The vault sentinel unwields a +0 arbalest.
The vault sentinel wields a +0 long sword.
The vault sentinel completely misses you.
The vault sentinel blows a loud note on a signal horn!
You take 20 damage, and have 22/115 hp.
You feel much better.
You constrict the vault sentinel.
The lindwurm is no longer moving slowly.
The vault warden misses you. The lindwurm misses you.
You block the lindwurm's attack. x2
The yaktaur is engulfed in freezing vapours.
The vault sentinel gestures at you while chanting.
You easily resist.
You regained 18 hp, and now have 40/115 hp.
You slash the vault sentinel!
You behead the vault sentinel!
You kill the vault sentinel!
The vault sentinel blows a loud note on a signal horn!
The vault warden misses you. The lindwurm misses you. The lindwurm claws you.
You block the lindwurm's attack.
The yaktaur is engulfed in freezing vapours.
You have reached level 18!
You take 3 damage, and have 37/120 hp.
You slash the lindwurm!
You squeeze the lindwurm, but do no damage.
The vault warden hits you with a +0 broad axe!!!
You die...
Your body crumbles into a pile of gold.

#...##...' ..
#....##...# . .
#...#.##...# .. .
#...##.##...# ...
#.##...###.##...# $
#...#+#...##.#?##...#
#..p....##..####...#
##...$$##.....$'...#
.+...k@+.....$.#...#
##§§.p$##......#...####
#§§c....##..####.......
$
#§§§#+#...##.#k##[......
.§§##.##...###.##.......
..# .. #... #.##)).....
.# ... #...#.##)......
.. #....##)......
#.[.....


You could see a vault warden, a vault sentinel (slow, catching breath), a
lindwurm (catching breath) and a yaktaur.

Vanquished Creatures
  Saint Roka (Orc:2)
  Nikola (Swamp:2)
  Rupert (Lair:4)
  Frances (D:12)
  A thorn hunter (Swamp:4)
  A fenstrider witch (Swamp:3)
  4 vault wardens (Vaults:1)
  2 ironbound preservers (Vaults:1)
  An orc warlord (Bailey)
  3 ironbound thunderhulks (Vaults:1)
  3 eleionomae
  3 bunyips
  An entropy weaver (Vaults:1)
  Josephine (Lair:3)
  A yaktaur captain (Vaults:1)
  Fannar (Lair:1)
  3 vault guards (Vaults:1)
  14 hydras
  A merfolk avatar (Lair:5)
  Erica (D:10)
  5 boulder beetles
  A rakshasa (D:15)
  2 ghost crabs
  2 ironbound frosthearts (Vaults:1)
  8 two-headed ogres
  A centaur warrior (D:15)
  An alligator (Swamp:3)
  Urug (Orc:2)
  11 death yaks
  2 spriggan berserkers (Swamp:4)
  7 orc high priests
  A fire crab (shapeshifter) (D:15)
  A sea snake (Lair:5)
  3 goliath frogs
  3 spriggan druids
  3 deep trolls (Vaults:1)
  8 swamp dragons
  9 bog bodies
  A spectral hydra (Lair:2)
  2 ironbound convokers (Vaults:1)
  4 deep elf pyromancers
  6 lindwurms (Vaults:1)
  3 wizards (D:15)
  5 orc knights
  16 ugly things
  A necromancer (D:15)
  A harpy (Lair:5)
  3 orc sorcerers
  A manticore (D:14)
  3 cyclopes
  6 elephants
  3 black mambas
  2 centaur zombies (D:15)
  2 vault sentinels (Vaults:1)
  A naga mage (D:15)
  A gargoyle (D:10)
  20 cane toads
  Maggie (D:7)
  Psyche (D:8)
  9 komodo dragons
  11 yaktaurs (Vaults:1)
  An unseen horror (D:12)
  A tengu conjurer (D:14)
  7 rime drakes
  2 freezing wraiths (D:15)
  3 meliai (D:14)
  2 wind drakes (Lair:5)
  6 trolls
  A bloated husk (Swamp:4)
  A queen bee (shapeshifter) (D:13)
  12 tyrant leeches
  4 polar bears
  4 hornets
  27 blink frogs
  17 dream sheep
  A meliai zombie (D:15)
  A centaur simulacrum (D:15)
  A spectral black mamba (Lair:2)
  2 snapping turtles (Lair:5)
  A shadow (D:13)
  9 spriggans
  77 yaks
  11 wraiths
  A vampire (D:9)
  7 basilisks
  2 wyverns
  Grum (D:8)
  13 vampire mosquitoes
  3 redbacks (Vaults:1)
  2 steam dragons
  7 wargs
  11 swamp worms
  5 acid dragons
  Duvessa (D:4)
  15 water moccasins
  A spectral polar bear (Lair:2)
  2 black bears
  32 orc warriors
  11 swamp drakes
  6 ogres
  49 wolves
  5 centaurs
  A phantom (D:6)
  3 kobold brigands
  6 bullfrogs
  3 gnoll sergeants (D:8)
  4 necrophages
  11 wights
  3 scorpions
  Dowan (D:4)
  11 killer bees
  A howler monkey (D:6)
  An electric eel (D:9)
  5 hounds
  41 orc priests
  A boggart zombie (D:15)
  3 iguanas
  5 hell rats (Lair:2)
  28 orc wizards
  32 gnolls
  10 adders
  2 shadow imps
  4 white imps (D:6)
  3 ufetubi
  3 worms
  A dart slug (D:1)
  108 orcs
  6 bats
  4 endoplasms
  A giant cockroach (D:2)
  15 goblins
  16 hobgoblins
  6 jackals
  18 kobolds
  6 quokkas
  4 ball pythons
  2 frilled lizards (D:2)
  2 rats
  A briar patch (Swamp:4)
954 creatures vanquished.

Vanquished Creatures (others)
  A bloated husk (Swamp:1)
  An orc (D:12)
  33 fungi
  48 plants
83 creatures vanquished.

Grand Total: 1037 creatures vanquished

Notes
Turn   | Place    | Note
-------+----------+-------------------------------------------
     0 | D:1      | sokol815 the Octopode Fighter began the quest for the Orb.
     0 | D:1      | Reached XP level 1. HP: 16/16 MP: 1/1
    96 | D:1      | Found a faded altar of an unknown god.
   304 | D:1      | Reached XP level 2. HP: 18/21 MP: 2/2
   525 | D:1      | Reached skill level 3 in Axes
   547 | D:1      | Identified 3 scrolls of acquirement
   547 | D:1      | Acquired the ring of the Hurtling Gods {Ice Dex+6 SInv}
   548 | D:1      | Acquired a +5 ring of evasion
   549 | D:1      | Acquired a manual of Shields
   932 | D:2      | Reached XP level 3. HP: 26/26 MP: 3/3
  1138 | D:2      | Reached skill level 4 in Shields
  1173 | D:2      | Reached XP level 4. HP: 19/31 MP: 4/4
  1221 | D:2      | Found a hide-covered altar of Uskayaw.
  1733 | D:3      | Noticed a centaur
  1737 | D:3      | Killed a centaur
  1738 | D:3      | Reached skill level 5 in Shields
  1738 | D:3      | Reached XP level 5. HP: 36/36 MP: 5/5
  1773 | D:3      | Found the +7 Throatcutter {drain, coup de grace}
  1773 | D:3      | Noticed a kobold brigand
  1813 | D:3      | Killed a kobold brigand
  1814 | D:3      | Reached skill level 4 in Axes
  1814 | D:3      | Reached skill level 6 in Shields
  1843 | D:3      | Reached XP level 6. HP: 42/42 MP: 6/6
  1898 | D:3      | Reached skill level 1 in Long Blades
  1898 | D:3      | Reached skill level 7 in Shields
  2232 | D:4      | Noticed a black bear
  2345 | D:4      | Found an ornate altar of the Wu Jian Council.
  2384 | D:4      | Reached skill level 2 in Long Blades
  2415 | D:4      | Noticed Duvessa
  2415 | D:4      | Noticed Dowan
  2486 | D:4      | Reached skill level 3 in Long Blades
  2492 | D:4      | Killed a black bear
  2493 | D:4      | Reached skill level 4 in Long Blades
  2493 | D:4      | Reached XP level 7. HP: 32/46 MP: 7/7
  3171 | D:5      | Entered Level 5 of the Dungeon
  3209 | D:5      | Found a staircase to the Ecumenical Temple.
  3215 | Temple   | Entered the Ecumenical Temple
  3222 | Temple   | Became a worshipper of Gozag Ym Sagoz the Greedy
  3533 | D:5      | You fall into a shaft and drop 2 floors!
  3591 | D:6      | Reached skill level 5 in Long Blades
  3941 | D:6      | Reached skill level 6 in Long Blades
  3941 | D:6      | Reached XP level 8. HP: 46/52 MP: 8/8
  4287 | D:6      | Found a faded altar of an unknown god.
  4287 | D:6      | Found a burning altar of Makhleb.
  4294 | D:6      | Found a sparkling altar of Nemelex Xobeh.
  4296 | D:6      | Found a blossoming altar of Fedhas.
  4298 | D:6      | Found a basalt altar of Yredelemnul.
  4350 | D:6      | Reached skill level 7 in Long Blades
  4461 | D:6      | Reached skill level 8 in Long Blades
  4527 | D:6      | Reached skill level 9 in Long Blades
  5060 | D:7      | Reached XP level 9. HP: 56/56 MP: 9/9
  5146 | D:7      | Reached skill level 10 in Long Blades
  5524 | D:7      | Noticed Maggie
  5536 | D:7      | Killed Maggie
  5537 | D:7      | Reached skill level 11 in Long Blades
  5711 | D:8      | Learned a level 2 spell: Ensorcelled Hibernation
  5742 | D:8      | Noticed Psyche
  5746 | D:8      | Killed Psyche
  5747 | D:8      | Reached skill level 1 in Hexes
  5747 | D:8      | Reached skill level 1 in Ice Magic
  5749 | D:8      | Noticed a hornet
  5759 | D:8      | Killed a hornet
  5948 | D:8      | Reached skill level 2 in Hexes
  5948 | D:8      | Reached skill level 2 in Ice Magic
  5948 | D:8      | Reached XP level 10. HP: 58/63 MP: 10/10
  5986 | D:8      | Noticed Grum
  5995 | D:8      | Reached skill level 12 in Long Blades
  6000 | D:8      | Killed Grum
  6001 | D:8      | HP: 13/63 [poisoned by Grum]
  6006 | D:8      | HP: 7/63 [poisoned by Grum]
  6386 | D:8      | Found a glowing silver altar of Zin.
  6422 | D:8      | Reached skill level 3 in Hexes
  6422 | D:8      | Reached skill level 3 in Ice Magic
  6742 | D:8      | Reached skill level 8 in Shields
  6806 | D:8      | Found a stormy altar of Qazlal.
  6947 | D:9      | Noticed a two-headed ogre
  7238 | D:9      | Reached skill level 4 in Ice Magic
  7241 | D:9      | Reached skill level 4 in Hexes
  7392 | D:9      | Reached skill level 13 in Long Blades
  7397 | D:9      | Reached skill level 9 in Shields
  7400 | D:9      | Reached skill level 4 in Fighting
  7400 | D:9      | Reached XP level 11. HP: 69/69 MP: 11/11
  7485 | D:9      | Found a staircase to the Lair.
  7755 | D:9      | Killed a two-headed ogre
  8022 | D:9      | Found a staircase to the Orcish Mines.
  8061 | D:10     | Entered Level 10 of the Dungeon
  8083 | D:10     | Found an ancient bone altar of Kikubaaqudgha.
  8083 | D:10     | Found a snail-covered altar of Cheibriados.
  8099 | D:10     | Reached skill level 10 in Shields
  8135 | D:10     | Noticed Erica
  8151 | D:10     | Killed Erica
  8152 | D:10     | Reached skill level 5 in Fighting
  8201 | D:10     | Reached skill level 14 in Long Blades
  8289 | D:10     | Reached skill level 11 in Shields
  8292 | D:10     | Reached skill level 6 in Fighting
  8304 | D:10     | HP: 14/72 [yak (9)]
  8330 | D:10     | Found a white marble altar of Elyvilon.
  8364 | D:10     | Found a flagged portal.
  8481 | Bailey   | Entered a bailey
  8528 | Bailey   | Reached skill level 12 in Shields
  8552 | Bailey   | Noticed an orc knight
  8557 | Bailey   | an orc knight changed into a polar bear
  8763 | Bailey   | Noticed an orc warlord
  8771 | Bailey   | Reached skill level 13 in Shields
  8779 | Bailey   | Killed an orc warlord
  8780 | Bailey   | Reached XP level 12. HP: 37/79 MP: 12/12
  8953 | Bailey   | Reached skill level 11 in Stealth
  8953 | Bailey   | Reached XP level 13. HP: 83/83 MP: 13/13
  9502 | Lair:1   | Entered Level 1 of the Lair of Beasts
  9509 | D:9      | Bought a book of Frost for 300 gold pieces
  9509 | D:9      | Bought the Handbook of Hyperthermia and the Birds for 300
                  | gold pieces
  9509 | D:9      | Bought a book of Winter for 510 gold pieces
  9515 | D:9      | Learned a level 5 spell: Metabolic Englaciation
  9590 | Lair:1   | Found a dark tunnel.
  9653 | Lair:1   | Reached skill level 1 in Spellcasting
  9932 | Lair:1   | Reached skill level 5 in Ice Magic
 10105 | Lair:1   | Noticed Fannar
 10124 | Lair:1   | Killed Fannar
 10125 | Lair:1   | Reached skill level 1 in Evocations
 10162 | Lair:1   | Reached skill level 2 in Spellcasting
 10679 | Lair:1   | Acquired a manual of Ice Magic
 10739 | Lair:2   | Reached skill level 4 in Dodging
 10739 | Lair:2   | Reached skill level 2 in Evocations
 10749 | Lair:1   | HP: 21/85 [death yak (18)]
 10750 | Lair:1   | HP: 9/85 [death yak (12)]
 10790 | Lair:1   | Reached skill level 6 in Ice Magic
 11044 | Lair:2   | Reached skill level 5 in Hexes
 11155 | Lair:2   | Reached skill level 7 in Ice Magic
 11178 | Lair:2   | Reached skill level 7 in Fighting
 11494 | Lair:1   | Reached skill level 8 in Ice Magic
 11689 | Lair:2   | Reached skill level 5 in Dodging
 11701 | Lair:2   | Reached skill level 9 in Ice Magic
 11779 | Lair:2   | Found a staircase to the Snake Pit.
 11956 | Lair:2   | Reached XP level 14. HP: 51/93 MP: 12/18
 11961 | Lair:2   | Reached skill level 10 in Ice Magic
 12609 | Lair:2   | Reached skill level 8 in Fighting
 12609 | Lair:2   | Reached skill level 6 in Dodging
 12773 | Lair:2   | Found a staircase to the Swamp.
 12789 | Lair:2   | Reached skill level 11 in Ice Magic
 13164 | Lair:3   | Reached skill level 12 in Ice Magic
 13329 | Lair:3   | Noticed Josephine
 13510 | Lair:3   | Killed Josephine
 13525 | Lair:3   | Reached skill level 7 in Dodging
 14101 | Lair:4   | Reached skill level 13 in Ice Magic
 14255 | Lair:4   | Reached skill level 9 in Fighting
 14430 | Lair:4   | Identified the +7 falchion of Watchfulness {freeze, rF+
                  | Str+3 SInv}
 14467 | Lair:4   | You are sucked into a shaft and drop 1 floor!
 14467 | Lair:5   | Entered Level 5 of the Lair of Beasts
 14724 | Lair:4   | Noticed Rupert
 14733 | Lair:4   | Killed Rupert
 14734 | Lair:4   | Reached skill level 14 in Ice Magic
 14805 | Lair:4   | Found a staircase to the Slime Pits.
 14827 | Lair:4   | Found a viscous altar of Jiyva.
 15434 | D:4      | Killed Dowan
 15439 | D:4      | Killed Duvessa
 15915 | Lair:4   | Found the +8 whip "Snakebite" {venom, curare, rPois}
 16045 | Lair:5   | Learned a level 3 spell: Frozen Ramparts
 16213 | Lair:5   | Reached skill level 8 in Dodging
 16404 | Lair:5   | Acquired the +3 buckler of Xunueg {rF+ Will+ Str-4 Dex+6}
 16473 | Lair:5   | Reached XP level 15. HP: 103/103 MP: 19/19
 16485 | Lair:5   | Reached skill level 15 in Ice Magic
 16546 | Lair:5   | Reached skill level 10 in Fighting
 16580 | Lair:5   | Reached skill level 6 in Hexes
 16837 | Lair:5   | Reached skill level 7 in Hexes
 17277 | Lair:5   | Reached skill level 8 in Hexes
 17702 | Orc:1    | Entered Level 1 of the Orcish Mines
 17966 | Orc:1    | Reached skill level 9 in Hexes
 18516 | Orc:2    | Entered Level 2 of the Orcish Mines
 18516 | Orc:2    | Noticed Urug
 18516 | Orc:2    | Found a staircase to the Elven Halls.
 18530 | Orc:2    | Killed Urug
 19024 | Orc:2    | Reached skill level 12 in Stealth
 19410 | Orc:2    | Noticed Saint Roka
 19506 | Orc:2    | Found Toxzu's General Store.
 19506 | Orc:2    | Found Tauschek's Antique Armour Shoppe.
 19636 | Orc:2    | Reached skill level 10 in Hexes
 19803 | Orc:2    | Found Jeiplure's Distillery.
 19803 | Orc:2    | Found Siudawieno's Weapon Shoppe.
 19853 | Orc:2    | Bought a potion of lignification for 39 gold pieces
 19853 | Orc:2    | Bought a potion of brilliance for 52 gold pieces
 19996 | Orc:2    | Killed Saint Roka
 19997 | Orc:2    | Reached skill level 13 in Stealth
 20470 | D:9      | Bought a book of Ice for 782 gold pieces
 20480 | D:9      | Learned a level 9 spell: Polar Vortex
 20746 | D:11     | Identified the +7 dagger "Arbiter" {holy, Dex+3}
 21502 | D:12     | Reached skill level 3 in Spellcasting
 21547 | D:12     | Noticed Frances
 21550 | D:12     | Killed Frances
 21551 | D:12     | Reached XP level 16. HP: 109/109 MP: 20/20
 21913 | D:12     | Identified the +1 chain mail of the Big Bang {Harm Stlth+}
 22169 | D:12     | Reached skill level 4 in Spellcasting
 23257 | D:14     | Reached skill level 5 in Spellcasting
 23744 | D:14     | Found a gate to the Vaults.
 23749 | D:14     | Reached skill level 11 in Hexes
 24011 | D:15     | Entered Level 15 of the Dungeon
 24034 | D:15     | Found an opulent altar of Gozag.
 24182 | D:15     | Reached skill level 6 in Spellcasting
 24182 | D:15     | Reached skill level 16 in Ice Magic
 24751 | D:15     | Found a staircase to the Depths.
 24858 | D:15     | Identified the +1 robe "Uleh" {rElec Str+3 Int+7}
 24912 | D:15     | Identified the ring of the Wicked Cherry {rPois rF+ Str+3
                  | Dex+2}
 25310 | Swamp:1  | Entered Level 1 of the Swamp
 26007 | Swamp:2  | Noticed Nikola
 26014 | Swamp:2  | Killed Nikola
 26015 | Swamp:2  | Reached skill level 1 in Short Blades
 26015 | Swamp:2  | Reached skill level 12 in Hexes
 26370 | Swamp:1  | Reached skill level 2 in Short Blades
 26688 | Swamp:2  | Reached skill level 3 in Short Blades
 26862 | Swamp:2  | Found Ymiaxis's Island Escapes.
 27014 | Swamp:3  | Reached XP level 17. HP: 115/115 MP: 26/26
 27142 | Swamp:3  | Found a large runed translucent door.
 27142 | Swamp:3  | Found a large runed translucent door.
 27144 | Swamp:3  | Noticed Imoj Fiu's ghost (journeyman MeEE)
 27152 | Swamp:3  | Reached skill level 9 in Dodging
 27424 | Swamp:3  | Reached skill level 4 in Short Blades
 27737 | Swamp:4  | Entered Level 4 of the Swamp
 28095 | Swamp:4  | Reached skill level 10 in Dodging
 28095 | Swamp:4  | Reached skill level 17 in Ice Magic
 28954 | Swamp:4  | Reached skill level 11 in Dodging
 29346 | Swamp:4  | Got a decaying rune of Zot
 30109 | Vaults:1 | Entered Level 1 of the Vaults
 30526 | Vaults:1 | HP: 21/115 [yaktaur captain/bolt (12)]
 30865 | Vaults:1 | Reached skill level 12 in Dodging
 30943 | Vaults:1 | HP: 22/115 [vault warden/+3 battleaxe of electrocution
                  | (22)]
 30986 | Vaults:1 | Reached skill level 18 in Ice Magic
 31232 | Vaults:1 | Learned a level 5 spell: Freezing Cloud
 31403 | Vaults:1 | Reached skill level 1 in Conjurations
 31404 | Vaults:1 | Reached skill level 1 in Air Magic
 31420 | Vaults:1 | HP: 17/115 [yaktaur/bolt[a vault warden] (27)]
 31426 | Vaults:1 | Reached XP level 18. HP: 37/120 MP: 1/27
 31426 | Vaults:1 | Slain by a vault warden

Illustrated notes

Levels and vault maps discovered:
D:1:      evilmike_arrival_crescent, layout_loops_ring,
          hellmonk_ecumenical_altar_slurped_away, grunt_decor_arrowhead
D:2:      layout_loops_ring, basic_altar, due_unseen_surprise
D:3:      layout_loops_ring, st_stairs_6, dilly_guarded_unrand_throatcut
D:4:      layout_loops_ring, nzn_wu_jian_contemplation, uniq_duvessa
D:5:      layout_rooms, minmay_temple_entry_ruins, kennysheep_generic_room_12
D:6:      minmay_chambers_of_threes, layout_cave_pods,
          chequers_temple_overflow_minitemple, nicolae_fountain_basement
D:7:      layout_cave_pools, nicolae_concentric_dashed_squares_wild,
          kennysheep_generic_room_15, uniq_maggie
D:8:      layout_gridville, mainiacjoe_overflow_24_doors,
          nicolae_qazlal_style_of_elements, uniq_psyche, uniq_grum
D:9:      layout_cave_pools, erik_lair_island
D:10:     layout_irregular_city, mainiacjoe_overflow_tiny_flanked,
          nicolae_overflow_two_pavilions, enter_bailey_3, uniq_erica
D:11:     layout_grid_maze
D:12:     layout_loops_ring, hangedman_glass_teeth, uniq_frances
D:13:     layout_loops_ring
D:14:     layout_basic, david_vaults_1
D:15:     grunt_enter_depths_magical_seal, layout_long_grid, grunt_gozag_statues
Temple:   nicolae_temple_ecumenical_triangle
Lair:1:   layout_layer_cave, nicolae_volcano_entry_hallway, uniq_fannar
Lair:2:   layout_loops_ring, nicolae_swamp_entry_spooky, dummy_snake_entry,
          minmay_lair_oklob_bushes, beast_lair_carwin_10, lemuel_fruit_tree,
          serial_bayou_shore_b
Lair:3:   layout_hall_layers, uniq_josephine
Lair:4:   minmay_guarded_unrand_snakebite, layout_concentric_octagons,
          slime_entry_1, grunt_megastairs_2, uniq_rupert
Lair:5:   gammafunk_lair_ancient_temple, layout_cave_pods
Swamp:1:  layout_basic_swamp, evilmike_swamp_ruin_house_3, swamp_pool1
Swamp:2:  layout_falls_marsh, evilmike_swamp_ruin_house_1,
          nicolae_island_escapes, uniq_nikola
Swamp:3:  layout_basic_swamp, ebering_ghost_disaster_area,
          nicolae_swamp_big_swirl
Swamp:4:  swamp_basic_johnstein, layout_basic_swamp
Orc:1:    layout_caves, basic_altar
Orc:2:    st_orc_town, layout_caves, uniq_saint_roka, uniq_urug
Vaults:1: ebering_ghost_reflecting_pool, serial_ice_g, nicolae_vaults_arrows,
          v_misc_9, v_pattern_5, nicolae_vaults_mini_display_case,
          vaults_room_pools, v_alt_pattern_2, layout_vaults_chaotic_city

Skill      XL: |  1  2  3  4  5  6  7  8  9 10 11 12 13 14 15 16 17 |
---------------+----------------------------------------------------+-----
Axes           | 3 4 |  4.2
Shields        | 4 5 6 7 9 13 | 13.5
Long Blades    | 4 6 9 11 13 14 | 14.0
Hexes          | 2 4 5 10 12 | 12.0
Ice Magic      | 2 4 9 14 15 16 18 | 18.1
Fighting       | 4 6 7 9 10 | 10.0
Stealth        | 11 13 | 13.5
Spellcasting   | 2 3 6 |  6.0
Evocations     | 2 |  2.0
Dodging        | 5 8 12 | 12.0
Short Blades   | 3 4 |  4.1
Conjurations   | 1 |  1.9
Air Magic      | 1 |  1.9

Action                   |  1- 3 |  4- 6 |  7- 9 | 10-12 | 13-15 | 16-18 || total
-------------------------+-------+-------+-------+-------+-------+-------++-------
Melee: War axe           |    61 |    30 |       |       |       |       ||    91
       Constrict         |    15 |    13 |    35 |    41 |   165 |    90 ||   359
       Tentacles         |     8 |    13 |    31 |    70 |   304 |   254 ||   680
       Punch             |       |     2 |     2 |     2 |    20 |    16 ||    42
       Long sword        |       |    21 |   163 |   334 |  1076 |   651 ||  2245
       Scimitar          |       |       |       |       |     3 |   107 ||   110
       Dagger            |       |       |       |       |    50 |    64 ||   114
Throw: Stone             |     6 |       |       |       |       |       ||     6
 Cast: Ensorcelled Hiber |       |       |       |       |    21 |     7 ||    28
       Metabolic Englaci |       |       |       |       |    23 |    44 ||    67
       Frozen Ramparts   |       |       |       |       |     1 |     1 ||     2
       Freezing Cloud    |       |       |       |       |       |     1 ||     1
Invok: Call Merchant     |       |       |       |       |     3 |     4 ||     7
       Potion Petition   |       |       |       |       |     1 |     2 ||     3
Evoke: Wand              |       |       |     1 |     7 |    14 |       ||    22
  Use: Scroll            |     3 |     4 |     9 |     1 |    17 |     7 ||    41
       Potion            |       |     1 |       |     1 |     1 |     5 ||     8
 Stab: Sleeping          |     4 |     7 |     5 |     1 |    52 |    36 ||   105
       Distracted        |       |       |     3 |     1 |    16 |    10 ||    30
       Petrified         |       |       |       |       |     3 |       ||     3
       Invisible         |       |       |       |       |     1 |     7 ||     8
       Confused          |       |       |       |       |     1 |       ||     1
Armor: Skin              |    15 |     5 |    19 |    22 |    59 |    58 ||   178
Dodge: Dodged            |    43 |    43 |   110 |   136 |   377 |   512 ||  1221
Block: Buckler           |     7 |    18 |    43 |       |   160 |   329 ||   557
       Kite shield       |       |       |     3 |   152 |   369 |       ||   524

Table legend: (Time is in decaauts)
 A = Elapsed time spent in this place.
 B = Non-inter-level travel time spent in this place.
 C = Inter-level travel time spent in this place.
 D = Time resting spent in this place.
 E = Time spent auto-exploring this place.
 F = Levels seen in this place.
 G = Mean time per level.
                   A        B        C        D        E       F      G
               +--------+--------+--------+--------+--------+-----+--------+
         Total |  30846 |  28565 |   2281 |   4423 |  17406 |  29 | 1063.7 |
       Dungeon |  14547 |  13410 |   1137 |   1407 |   9481 |  15 |  969.8 |
        Temple |     14 |      7 |      7 |      0 |      0 |   1 |   14.0 |
          Lair |   7838 |   6963 |    875 |    912 |   3987 |   5 | 1567.6 |
         Swamp |   4450 |   4293 |    157 |   1314 |   2165 |   4 | 1112.5 |
  Orcish Mines |   2504 |   2408 |     96 |    350 |   1310 |   2 | 1252.0 |
        Vaults |    989 |    982 |      7 |    319 |    286 |   1 |  989.0 |
        Bailey |    502 |    502 |      0 |    121 |    177 |   1 |  502.0 |
               +--------+--------+--------+--------+--------+-----+--------+

Top non-repeatable levels by time:
  Lair:2: 2055 daAuts
  Lair:1: 1678 daAuts
 Swamp:4: 1669 daAuts
  Lair:5: 1615 daAuts
   Orc:2: 1576 daAuts
     D:8: 1473 daAuts
  Lair:4: 1358 daAuts
     D:9: 1251 daAuts
     D:6: 1241 daAuts
    D:14: 1140 daAuts
  Lair:3: 1130 daAuts
 Swamp:1: 1112 daAuts
 Swamp:3: 1084 daAuts
    D:15: 1050 daAuts
Vaults:1: 989 daAuts

Table legend:
 A = Kills in this place as a percentage of kills in entire the game.
 B = Kills by you in this place as a percentage of kills by you in the entire game.
 C = Kills by friends in this place as a percentage of kills by friends in the entire game.
 D = Other kills in this place as a percentage of other kills in the entire game.
 E = Experience gained in this place as a percentage of experience gained in the entire game.
 F = Experience gained in this place divided by the number of levels of this place that you have seen.
                   A       B       C       D       E      F
               +-------+-------+-------+-------+-------+----------------------
         Total | 100.0 | 100.0 |   N/A |   N/A | 100.0 | 7929.4
       Dungeon |  37.7 |  37.7 |   N/A |   N/A |  26.1 | 4007.1
          Lair |  25.0 |  25.0 |   N/A |   N/A |  28.9 | 13313.4
         Swamp |  10.4 |  10.4 |   N/A |   N/A |  22.6 | 12977.0
  Orcish Mines |  17.0 |  17.0 |   N/A |   N/A |   8.8 | 10147.5
        Vaults |   4.5 |   4.5 |   N/A |   N/A |  12.2 | 28130.0
        Bailey |   5.5 |   5.5 |   N/A |   N/A |   1.3 | 2946.0
               +-------+-------+-------+-------+-------+----------------------
